 Dungeon Crawl Stone Soup version 0.30.1 (webtiles) character file.

Game seed: 12474674957220398980

18742 Heoruswealwe the Eclecticist (level 12, -4/88 HPs)
             Began as a Deep Elf Conjurer on July 6, 2023.
             Was an Elder of Vehumet.
             Shot with an arrow by Nessos (9 damage)
             ... on level 12 of the Dungeon on July 7, 2023.
             The game lasted 02:32:54 (12279 turns).

Heoruswealwe the Eclecticist (Deep Elf Conjurer)   Turns: 12279, Time: 02:32:54

Health: -4/88      AC: 26    Str:  4    XL:     12   Next: 30%
Magic:  18/36      EV:  2    Int: 29    God:    Vehumet [****..]
Gold:   991        SH:  0    Dex: 13    Spells: 17/48 levels left

rFire   + + .        b - +2 falchion of True Grit {holy, rF+}
rCold   . . .        (no shield)
rNeg    . . .        c - melded +1 robe of Noon {rF- rCorr SInv Archmagi}
rPois   +            g - melded +2 helmet
rElec   .            h - melded +0 cloak
rCorr   .            f - melded +0 pair of gloves
SInv    .            e - melded +0 pair of boots
Will    ++...        i - amulet of regeneration
Stlth   ++           k - ring of protection from fire
HPRegen 1.14/turn    j - ring of willpower
MPRegen 0.25/turn

%: clarity
@: lethally poisoned (-4 -> -6), tree-form
A: stationary, stasis, torment immunity, boosted hp, clarity
a: Renounce Religion


You were on level 12 of the Dungeon.
You worshipped Vehumet.
Vehumet was greatly pleased with you.
You were a tree.
You visited 2 branches of the dungeon, and saw 13 of its levels.
You also visited: Ossuary and Bailey.

You collected 1656 gold pieces.
You spent 665 gold pieces at shops.

Inventory:

Hand Weapons
 b - the +2 falchion of True Grit (weapon) {holy, rF+}
   (You found it on level 2 of the Dungeon)

   rF:        It protects you from fire.
Armour
 c - the +1 robe of Noon (melded) {rF- rCorr SInv Archmagi}
   (You found it on level 9 of the Dungeon)

   rF:        It makes you vulnerable to fire.
   SInv:      It lets you see invisible.
   rCorr:     It protects you from acid and corrosion.
   Archmagi:  It increases the power of your magical spells.
 e - a +0 pair of boots (melded)
 f - a +0 pair of gloves (melded)
 g - a +2 helmet (melded)
 h - a +0 cloak (melded)
 q - the +8 chain mail of Impermeability {rPois rF++ Int+2}
   (You found it on level 2 of the Dungeon)

   Int:       It affects your intelligence (+2).
   rF:        It greatly protects you from fire.
   rPois:     It protects you from poison.
 C - +0 steam dragon scales
Magical Staves
 n - a staff of fire
Jewellery
 i - an amulet of regeneration (around neck)
 j - a ring of willpower (right branch)
 k - a ring of protection from fire (left branch)
 I - a ring of flight
 O - a ring of see invisible
Wands
 x - a wand of mindburst (14)
 y - a wand of quicksilver (18)
 B - a wand of flame (71)
 H - a wand of roots (10)
Scrolls
 a - 2 scrolls of brand weapon
 d - 2 scrolls of immolation
 l - 2 scrolls of poison
 v - 4 scrolls of teleportation {unknown}
 z - 3 scrolls of enchant weapon {unknown}
 A - 2 scrolls of fear {unknown}
 D - 4 scrolls of fog {unknown}
 F - 2 scrolls of enchant armour {unknown}
 M - 2 scrolls of butterflies {unknown}
Potions
 o - 10 potions of mutation
 t - a potion of brilliance
 u - 3 potions of resistance
 E - 4 potions of curing
 G - a potion of ambrosia
 K - a potion of cancellation
 L - a potion of haste
 N - 2 potions of magic


   Skills:
 - Level 2.4 Dodging
 - Level 2.4 Stealth
 + Level 18.5 Spellcasting
 + Level 16.1 Conjurations


You had 17 spell levels left.
You knew the following spells:

 Your Spells              Type           Power      Damage    Failure   Level
a - Magic Dart            Conj           100%       1d8       0%          1
b - Searing Ray           Conj           100%       2d8       0%          2
c - Dazzling Flash        Conj/Hex       100%       N/A       1%          3
d - Stone Arrow           Conj/Erth      100%       3d13      1%          3
e - Iskenderun's Mystic   Conj/Tloc      65%        2d13      1%          4
f - Sticky Flame          Conj/Fire      65%        2d8       1%          4
g - Fulminant Prism       Conj/Hex       32%        3d15      1%          4
h - Arcjolt               Conj/Air       32%        1d42      1%          5
i - Fireball              Conj/Fire      32%        3d14      1%          5

Your spell library contained the following spells:

 Spells                   Type           Power      Damage    Failure   Level
 Ignite Poison            Fire/Tmut/Pois 26%        N/A       1%          3
 Lesser Beckoning         Tloc           52%        N/A       2%          2
 Gell's Gravitas          Tloc           26%        N/A       4%          3
 Teleport Other           Tloc           26%        N/A       4%          3
 Vhi's Electric Charge    Tloc/Air       52%        N/A       4%          3
 Olgreb's Toxic Radiance  Pois           26%        N/A       4%          4
 Anguish                  Hex/Necr       13%        N/A       16%         4
 Cause Fear               Hex            13%        N/A       16%         4
 Plasma Beam              Fire/Air       13%        2x1d26    50%         6
 Dispersal                Tloc           13%        N/A       94%         6
 Enfeeble                 Hex            13%        N/A       100%        7
 Discord                  Hex            13%        N/A       100%        8
 Ignition                 Fire           13%        3d6       100%        8


Dungeon Overview and Level Annotations

Branches:
Dungeon (12/15)            Temple (1/1) D:7            Lair (0/5) D:9
    Orc (0/2) D:10        Ossuary (visited)          Bailey (visited)

Altars:
Ashenzari
Cheibriados
Dithmenos
Elyvilon
Fedhas
Gozag
Hepliaklqana
Kikubaaqudgha
Makhleb
Nemelex Xobeh
Okawaru
Qazlal
Ru
Sif Muna
Trog
Uskayaw
Vehumet
Wu Jian
Xom
Yredelemnul
Zin
The Shining One

Shops:
D:3 (   D:8 =

Annotations:
D:12 Nessos


Innate Abilities, Weirdness & Mutations

You are a tree.
Your roots penetrate the ground, keeping you stationary.
You cannot be teleported.
You are immune to unholy pain and torment.
Your maximum health is greatly increased.
Your equipment is partially melded.
You possess an exceptional clarity of mind.


Message History

You kill Erolcha!
Vehumet accepts your kill.
You feel your power returning.
Nessos shoots an arrow.
The arrow hits you!! The arrow burns you.
Nessos shoots an arrow.
The arrow hits you! The arrow burns you.
You are poisoned.
You feel much better.
You feel very sick.
Nessos shoots an arrow.
The arrow hits you!
You are lethally poisoned!
Really quaff the potion of lignification?
You turn into a tree.
Your +0 cloak melds into your body.
Your +2 helmet melds into your body.
Your +0 pair of gloves melds into your body.
Your +0 pair of boots melds into your body.
The +1 robe of Noon {rF- rCorr SInv Archmagi} melds into your body.
Your roots penetrate the ground.
* * * LOW HITPOINT WARNING * * *
You feel extremely sick.
Nessos mumbles some strange words.
Nessos seems to speed up.
Nessos shoots an arrow.
The arrow hits you but does no damage.
You feel better.
Nessos shoots an arrow.
The arrow hits you!
* * * LOW HITPOINT WARNING * * *
The arrow burns you.
* * * LOW HITPOINT WARNING * * *
Nessos shoots an arrow.
The arrow hits you!
* * * LOW HITPOINT WARNING * * *
Casting: Arcjolt (mildly dangerous; 1% risk of failure)
Confirm with . or Enter, or press ? or * to list all spells.
Aiming: Fireball (mildly dangerous; 1% risk of failure)
Press: ? - help, Shift-Dir - straight line, f - Nessos
Aim: Nessos, wielding a +1 longbow of flaming and wearing a +0 barding (fast)
The fireball explodes!
The fireball engulfs Nessos!!!
Nessos is heavily wounded.
Nessos shoots an arrow.
The arrow hits you.
* * * LOW HITPOINT WARNING * * *
You are poisoned.
Nessos shoots an arrow.
The arrow hits you!
You die...

#.....###........#
#........... #######
#........# ###.)..†......
#.....)).###.'....†......
#....)..^'...#...........
#...))...########+#######
#####'#### #.### #...##
###.♣# ##)# ... ....#
.....+ #.c...# +.....#
#.....#


You could see Nessos (fast).

Vanquished Creatures
  Azrael (D:12)
  Erolcha (D:12)
  5 two-headed ogres
  A cyclops (D:11)
  An ugly thing (D:11)
  A manticore (D:11)
  Maggie (D:9)
  A gargoyle (D:11)
  3 trolls
  Grinder (D:5)
  Prince Ribbit (D:5)
  A hornet (D:9)
  4 slime creatures (D:12)
  13 yaks
  Sigmund (D:3)
  6 spriggans (Bailey)
  A wyvern (D:9)
  A wraith (D:10)
  Grum (D:8)
  A fire elemental (D:12)
  2 steam dragons
  4 vampire mosquitoes (D:11)
  An acid dragon (D:10)
  2 water moccasins (D:7)
  5 hell hounds (D:12)
  2 black bears
  2 ice beasts
  A sky beast (D:7)
  3 ogres (Bailey)
  6 orc warriors
  4 wolves (D:8)
  4 phantoms
  7 centaurs
  A kobold brigand (D:8)
  2 gnoll sergeants
  A bullfrog (D:7)
  3 scorpions
  A water moccasin zombie (Ossuary)
  20 wights
  8 killer bees (D:10)
  9 howler monkeys
  7 orc priests
  A gnoll bouda (D:8)
  Crazy Yiuf (D:5)
  2 hounds
  3 jellies
  5 sleepcaps
  7 orc wizards
  3 mummies
  Robin (D:3)
  21 gnolls
  6 adders
  A white imp (D:6)
  An ufetubus (D:6)
  5 adder zombies (Ossuary)
  3 worms
  2 dart slugs (D:5)
  45 orcs
  3 bats (D:1)
  4 giant cockroaches
  2 gnoll zombies (Ossuary)
  13 goblins
  9 hobgoblins
  14 jackals
  2 quokkas (D:1)
  11 ball pythons
  5 frilled lizards
  5 hobgoblin zombies (Ossuary)
  9 kobolds
  4 kobold zombies (Ossuary)
  6 orc zombies (Ossuary)
  7 rats
342 creatures vanquished.

Vanquished Creatures (others)
  21 fulminant prisms
21 creatures vanquished.

Grand Total: 363 creatures vanquished

Notes
Turn   | Place    | Note
-------+----------+-------------------------------------------
     0 | D:1      | Heoruswealwe the Deep Elf Conjurer began the quest for the
                  | Orb.
     0 | D:1      | Reached XP level 1. HP: 10/10 MP: 6/6
   144 | D:1      | Reached XP level 2. HP: 15/15 MP: 0/8
   147 | D:1      | Learned a level 2 spell: Searing Ray
   490 | D:1      | Reached skill level 4 in Spellcasting
   571 | D:1      | Reached skill level 5 in Conjurations
   571 | D:1      | Reached XP level 3. HP: 19/19 MP: 4/10
   575 | D:1      | Learned a level 3 spell: Dazzling Flash
   911 | D:2      | Identified the +8 chain mail of Impermeability {rPois rF++
                  | Int+2}
  1236 | D:2      | Reached XP level 4. HP: 24/24 MP: 6/12
  1371 | D:2      | Identified the +2 falchion of True Grit {holy, rF+}
  1476 | D:2      | Learned a level 4 spell: Fulminant Prism
  3521 | D:3      | Noticed Robin
  3533 | D:3      | Killed Robin
  3588 | D:3      | Reached skill level 5 in Spellcasting
  3839 | D:3      | Reached XP level 5. HP: 28/28 MP: 5/14
  3844 | D:3      | Learned a level 4 spell: Iskenderun's Mystic Blast
  3956 | D:3      | Noticed Sigmund
  3961 | D:3      | Killed Sigmund
  3962 | D:3      | Reached skill level 6 in Spellcasting
  3962 | D:3      | Reached XP level 6. HP: 29/32 MP: 9/17
  4137 | D:3      | Found Weemnon's Weapon Boutique.
  4226 | D:3      | Found a faded altar of an unknown god.
  4318 | D:3      | Gained mutation: You possess an exceptional clarity of
                  | mind. [potion of mutation]
  4321 | D:3      | Reached skill level 7 in Spellcasting
  4656 | D:4      | Reached XP level 7. HP: 30/36 MP: 11/19
  4811 | D:4      | Found an opulent altar of Gozag.
  4848 | D:4      | Reached skill level 8 in Spellcasting
  5013 | D:5      | Entered Level 5 of the Dungeon
  5187 | D:5      | Noticed Prince Ribbit
  5195 | D:5      | Killed Prince Ribbit
  5196 | D:5      | Reached skill level 9 in Spellcasting
  5370 | D:5      | Found a hazy altar of Hepliaklqana.
  5461 | D:5      | Reached XP level 8. HP: 35/41 MP: 15/23
  5638 | D:5      | Noticed Grinder
  5648 | D:5      | Killed Grinder
  5764 | D:5      | Found a runed translucent door.
  5765 | D:5      | Noticed Crazy Yiuf
  5772 | D:5      | Killed Crazy Yiuf
  5854 | D:5      | Reached skill level 10 in Spellcasting
  6024 | D:6      | Learned a level 5 spell: Arcjolt
  6054 | D:6      | Found an iron altar of Okawaru.
  6211 | D:6      | Found a shimmering blue altar of Sif Muna.
  6387 | D:6      | Found a sand-covered staircase.
  6400 | Ossuary  | Entered an ossuary
  7045 | D:7      | Found a staircase to the Ecumenical Temple.
  7052 | Temple   | Entered the Ecumenical Temple
  7059 | Temple   | Became a worshipper of Vehumet
  7091 | D:7      | Reached skill level 11 in Spellcasting
  7091 | D:7      | Reached skill level 10 in Conjurations
  7126 | D:7      | Reached XP level 9. HP: 45/45 MP: 7/26
  7537 | D:7      | Reached skill level 12 in Spellcasting
  7852 | D:7      | HP: 2/45 [poisoned by a water moccasin]
  8080 | D:7      | Reached * piety under Vehumet
  8080 | D:7      | Offered knowledge of Freeze by Vehumet.
  8159 | D:7      | Learned a level 4 spell: Sticky Flame
  8530 | D:8      | Reached skill level 13 in Spellcasting
  8538 | D:8      | Noticed a troll
  8558 | D:8      | Killed a troll
  8683 | D:8      | Reached XP level 10. HP: 36/50 MP: 14/29
  8796 | D:8      | Found Ecyomac's Jewellery Shoppe.
  8810 | D:8      | Bought an amulet of regeneration for 420 gold pieces
  8920 | D:8      | Reached ** piety under Vehumet
  8920 | D:8      | Offered knowledge of Shock by Vehumet.
  9090 | D:8      | Noticed Grum
  9100 | D:8      | Killed Grum
  9101 | D:8      | Reached skill level 14 in Spellcasting
  9550 | D:9      | Noticed Maggie
  9551 | D:9      | Found a sparkling altar of Nemelex Xobeh.
  9562 | D:9      | Killed Maggie
  9598 | D:9      | Noticed a two-headed ogre
  9605 | D:9      | Killed a two-headed ogre
  9606 | D:9      | Reached skill level 15 in Spellcasting
  9649 | D:9      | Offered knowledge of Stone Arrow by Vehumet.
  9654 | D:9      | Learned a level 3 spell: Stone Arrow
  9674 | D:9      | Identified a scroll of acquirement
  9699 | D:9      | Found a hide-covered altar of Uskayaw.
  9702 | D:9      | Identified the +1 robe of Noon {rF- rCorr SInv Archmagi}
  9870 | D:9      | Found a staircase to the Lair.
  9898 | D:9      | Acquired 915 gold pieces
  9946 | D:8      | Bought a ring of flight for 245 gold pieces
  9990 | D:9      | Reached XP level 11. HP: 37/54 MP: 19/32
  9990 | D:9      | Reached *** piety under Vehumet
 10244 | D:10     | Entered Level 10 of the Dungeon
 10258 | D:10     | Noticed a two-headed ogre
 10260 | D:10     | Found a staircase to the Orcish Mines.
 10301 | D:11     | Noticed a white ugly thing
 10358 | D:10     | Offered knowledge of Mephitic Cloud by Vehumet.
 10366 | D:10     | Killed a two-headed ogre
 10367 | D:10     | Reached skill level 16 in Spellcasting
 10432 | D:10     | Found a shadowy altar of Dithmenos.
 10528 | D:10     | Found a flagged portal.
 10542 | Bailey   | Entered a bailey
 10624 | Bailey   | Noticed a two-headed ogre
 10634 | Bailey   | Killed a two-headed ogre
 10700 | Bailey   | Reached **** piety under Vehumet
 11062 | D:10     | Offered knowledge of Fireball by Vehumet.
 11069 | D:10     | Reached skill level 17 in Spellcasting
 11106 | D:10     | Noticed a two-headed ogre
 11121 | D:10     | Killed a two-headed ogre
 11122 | D:10     | Reached skill level 15 in Conjurations
 11174 | D:10     | Learned a level 5 spell: Fireball
 11508 | D:11     | Noticed a two-headed ogre
 11512 | D:11     | Killed a two-headed ogre
 11868 | D:11     | Killed a white ugly thing
 11869 | D:11     | Reached XP level 12. HP: 59/59 MP: 20/35
 12103 | D:12     | Noticed Azrael
 12105 | D:12     | Reached skill level 18 in Spellcasting
 12116 | D:12     | Killed Azrael
 12272 | D:12     | Noticed Erolcha
 12272 | D:12     | Noticed Nessos
 12275 | D:12     | Killed Erolcha
 12279 | D:12     | Shot with an arrow by Nessos

Illustrated notes

Levels and vault maps discovered:
D:1:      heliophobic_arrival_ceremonial_halls, layout_rooms
D:2:      layout_basic, nicolae_kite_square_tiling_tiny, corner_web_ring,
          hex_intersection, kennysheep_boxes
D:3:      layout_basic, nicolae_ecumenical_snake_handling, serial_shops,
          nicolae_shop_bloodbath_and_beyond, nicolae_figureground_sparkle,
          uniq_robin, uniq_sigmund
D:4:      layout_rooms, kennysheep_mini_moat, kennysheep_generic_room_7
D:5:      layout_loops_ring, lemuel_tele_altar, kennysheep_diamond,
          uniq_grinder, uniq_crazy_yiuf_cottage, uniq_prince_ribbit1
D:6:      nicolae_cairo_tiling_large, layout_basic,
          mainiacjoe_overflow_alcove_4, lemuel_doored_altar,
          gup_ossuary_entry_pyramid
D:7:      layout_basic, minmay_temple_entry_grid
D:8:      layout_loops_cross, serial_shops, shop, uniq_grum
D:9:      layout_basic, general_overflow_altar, mainiacjoe_overflow_24_doors,
          lair_entry_dummy, uniq_maggie
D:10:     kennysheep_six_static_rooms, layout_cave_pools, grunt_dithmenos_smoke,
          minmay_orc_entry_temple_small, enter_bailey_2
D:11:     layout_cave_pools
D:12:     layout_roguey, enter_trove_6, uniq_erolcha, uniq_azrael, uniq_nessos
Temple:   nicolae_temple_no_exploring_needed

Skill      XL: |  1  2  3  4  5  6  7  8  9 10 11 12 |
---------------+-------------------------------------+-----
Spellcasting   | 4 5 6 7 9 11 13 15 17 18 | 18.5
Conjurations   | 5 6 7 8 10 12 13 15 16 | 16.1
Dodging        | |  2.4
Stealth        | |  2.4

Action                     |  1- 3 |  4- 6 |  7- 9 | 10-12 || total
---------------------------+-------+-------+-------+-------++-------
  Melee: Unarmed           |    15 |       |       |       ||    15
         Punch             |     1 |    24 |       |       ||    25
         Falchion          |       |  1473 |    44 |     7 ||  1524
   Cast: Magic Dart        |    90 |    98 |   159 |   122 ||   469
         Searing Ray       |       |     6 |    51 |    23 ||    80
         Arcjolt           |       |       |     2 |    19 ||    21
         Fulminant Prism   |       |       |     4 |    17 ||    21
         Stone Arrow       |       |       |       |    56 ||    56
         Sticky Flame      |       |       |       |     1 ||     1
         Fireball          |       |       |       |    26 ||    26
    Use: Potion            |       |     2 |     3 |    18 ||    23
         Scroll            |       |       |     6 |     7 ||    13
 Armour: Robe              |     8 |    11 |    59 |    18 ||    96
         Steam dragon scal |       |       |       |    26 ||    26
         Skin              |       |       |       |     1 ||     1
  Dodge: Dodged            |    17 |    20 |   120 |    69 ||   226
